 Dungeon Crawl Stone Soup version 0.26.1-2-gb8aa6d0cf2 (webtiles) character file.

Game seed: 9893739427422137666

5291 promet the Thaumaturge (level 10, -13/53 HPs)
             Began as a Deep Elf Venom Mage on Feb 24, 2021.
             Was a Priest of Sif Muna.
             Mangled by a yaktaur captain (21 damage)
             ... on level 9 of the Dungeon.
             The game lasted 01:45:31 (14204 turns).

promet the Thaumaturge (Deep Elf Venom Mage)       Turns: 14204, Time: 01:45:34

Health: -13/53     AC:  8    Str:  5    XL:     10   Next: 37%
Magic:  0/34       EV: 17    Int: 24    God:    Sif Muna [***...]
Gold:   327        SH:  0    Dex: 15    Spells: 3/27 levels left

rFire    . . .     SeeInvis .   J - +1 long sword (elec)
rCold    . . .     Faith    .   (no shield)
rNeg     + . .     Spirit   +   y - +1 robe {rN+}
rPois    +         Reflect  .   (no helmet)
rElec    .         Harm     .   (no cloak)
rCorr    .         Rampage  .   n - +2 pair of gloves
Will     +....                  D - +1 pair of boots
Stlth    +++.......             o - amulet of guardian spirit
HPRegen  0.17/turn              u - ring of poison resistance
MPRegen  0.24/turn              i - ring of magical power

@: no status effects
A: no striking features
a: Renounce Religion, Channel Magic, Forget Spell


You were on level 9 of the Dungeon.
You worshipped Sif Muna.
Sif Muna was most pleased with you.
You visited 1 branch of the dungeon, and saw 9 of its levels.

You collected 432 gold pieces.
You spent 105 gold pieces at shops.

Inventory:

Hand Weapons
 a - a +5 quarterstaff of draining
 b - a +3 shortbow
 j - a +0 quarterstaff
 q - a +0 short sword
 t - a +0 morningstar of protection
 v - a +0 battleaxe
 z - a +2 vorpal flail
 B - a cursed -3 trident
 C - a +0 war axe of electrocution
 J - a +1 long sword of electrocution (weapon)
 K - a +2 short sword of holy wrath
 L - the +5 scythe "Finisher" {speed, eviscerate}
   (You took it off a wight on level 7 of the Dungeon)

   Attacks with this weapon are significantly faster.
Missiles
 c - 159 arrows
 e - 16 poisoned darts
 g - 79 bolts
 k - 298 stones (quivered)
 m - 76 sling bullets
 H - 2 curare-tipped darts
 R - 2 silver boomerangs
 V - 2 atropa-tipped darts
Armour
 d - a +0 robe
 f - a +0 buckler
 n - a +2 pair of gloves (worn)
 r - a +0 leather armour
 y - a +1 robe of positive energy (worn)
 D - a +1 pair of boots (worn)
Magical Staves
 Q - an uncursed staff of conjuration
Jewellery
 i - a ring of magical power (right hand)
 o - an amulet of guardian spirit (around neck)
 p - an uncursed ring of willpower
 u - a ring of poison resistance (left hand)
 w - a cursed -4 ring of protection {unknown}
 I - an uncursed amulet of faith
Wands
 E - a wand of flame (20)
 G - a wand of enslavement (11)
 M - a wand of polymorph (15)
 O - a wand of iceblast (13)
Scrolls
 h - a scroll of remove curse
 l - 2 scrolls of fear
 x - 7 scrolls of teleportation
 A - 2 scrolls of magic mapping
 N - a scroll of fog
Potions
 s - a potion of magic
 F - 2 potions of brilliance {unknown}
 P - a potion of curing {unknown}
 S - a potion of flight {unknown}
 U - a potion of resistance
Miscellaneous
 T - a condenser vane


   Skills:
 + Level 1.8 Fighting
 + Level 1.8(2.2) Short Blades
 + Level 1.6(2.0) Long Blades
 + Level 0.3(1.6) Axes
 + Level 0.9(1.1) Maces & Flails
 + Level 1.9(2.0) Polearms
 + Level 0.7(2.1) Staves
 + Level 3.7 Bows
 + Level 0.1 Throwing
 * Level 8.2 Dodging
 + Level 4.3 Stealth
 + Level 9.4 Spellcasting
 + Level 1.1 Conjurations
 + Level 1.3 Hexes
 + Level 4.2 Transmutations
 + Level 2.0 Fire Magic
 + Level 4.9 Air Magic
 + Level 8.6 Poison Magic


You had 3 spell levels left.
You knew the following spells:

 Your Spells              Type           Power        Failure   Level
a - Sting                 Tmut/Pois      100%         1%          1
b - Poisonous Vapours     Pois/Air       86%          1%          2
c - Ensorcelled Hibernat  Hex/Ice        28%          6%          2
d - Olgreb's Toxic Radia  Pois           51%          1%          4
e - Mephitic Cloud        Conj/Pois/Air  34%          2%          3
f - Ignite Poison         Fire/Tmut/Pois 35%          2%          3
g - Tukima's Dance        Hex            17%          10%         3
h - Swiftness             Air            35%          1%          2
i - Shock                 Conj/Air       100%         1%          1
j - Static Discharge      Conj/Air       25%          4%          3

Your spell library contained the following spells:

 Spells                   Type           Power        Failure   Level
 Corona                   Hex            18%          3%          1
 Confusing Touch          Hex            17%          10%         3
 Dazzling Flash           Conj/Hex       34%          10%         3
 Airstrike                Air            17%          8%          4
 Lightning Bolt           Conj/Air       12%          41%         5


Dungeon Overview and Level Annotations

Branches:
Dungeon (9/15)             Temple (0/1) D:5
   Lair: D:8-11         Orc: D:9-12

Altars:
Dithmenos
Fedhas
Makhleb
Sif Muna

Shops:
D:4 *   D:5 [


Message History

The yaktaur captain is engulfed in blazing flames.
The yaktaur captain unwields a +0 arbalest.
The yaktaur captain hits you!!
* * * LOW HITPOINT WARNING * * *
You barely miss the yaktaur captain.
The yaktaur captain is severely wounded.
The yaktaur captain is engulfed in blazing flames.
The yaktaur captain misses you.
You hit the yaktaur captain but do no damage.
The yaktaur captain is severely wounded.
The yaktaur captain hits you but does no damage.
Casting: Ignite Poison (dangerous; 2% risk of failure)
Confirm with . or Enter, or press ? or * to list all spells.
Aiming: Sting (safe; 1% risk of failure)
Press: ? - help, Shift-Dir - straight line The sting hits the yaktaur captain but does no damage.
The yaktaur captain is poisoned.
The yaktaur captain is severely wounded.
The yaktaur captain hits you!!
You die...

##############§§§#8..8#c
............##§§##....##
###########§#§§##......# .#
..# #.§§.# #.$$$## .# ..#
###.c##########.## ..#
##.#⌠......⌠#..#
.#############.#.._.._..#..#
.......).......#⌠......⌠#..#
########.##.##.#@.......#..#
#####.......##.c########'..#
...##..........°...........#
##..#.......##.○.###.#.##..#
#..........###..###...##.##
#.##..)..).# #...........#
#.##.......#
##.######...####
#.##.......# #.#...........#
#.##....#.## #.#.####...##.#


You could see a yaktaur captain (poisoned).

Vanquished Creatures
  A two-headed ogre (D:9)
  Joseph (D:7)
  2 hornets (D:9)
  Grinder (D:5)
  3 black bears
  3 sky beasts
  An ice beast (D:8)
  2 orc warriors
  A phantom (D:6)
  A necrophage (D:8)
  6 ogres
  2 centaurs (D:6)
  A big kobold (D:8)
  4 bullfrogs
  Blork the orc (D:4)
  A water moccasin zombie (D:7)
  A water moccasin skeleton (D:9)
  2 scorpions
  7 wights
  A howler monkey (D:7)
  2 bullfrog zombies (D:7)
  5 hounds
  5 orc priests
  3 orc wizards
  2 centaur skeletons (D:4)
  A bullfrog skeleton (D:9)
  4 iguanas
  10 worker ants
  A killer bee zombie (D:8)
  A bullfrog simulacrum (D:9)
  A hound skeleton (D:4)
  16 adders
  A shadow imp (D:8)
  2 white imps (D:8)
  3 adder skeletons
  A worm (D:2)
  2 dart slugs (D:1)
  2 leopard geckos
  20 orcs
  5 giant cockroaches
  7 goblins
  7 hobgoblins
  7 jackals
  7 kobolds
  6 quokkas
  3 ball pythons
  7 bats
  3 frilled lizards (D:1)
  6 rats
182 creatures vanquished.

Vanquished Creatures (others)
  22 plants (D:5)
22 creatures vanquished.

Grand Total: 204 creatures vanquished

Notes
Turn   | Place    | Note
-------+----------+-------------------------------------------
     0 | D:1      | promet the Deep Elf Venom Mage began the quest for the Orb.
     0 | D:1      | Reached XP level 1. HP: 10/10 MP: 6/6
   503 | D:1      | Reached XP level 2. HP: 5/15 MP: 1/8
   900 | D:1      | Learned a level 2 spell: Poisonous Vapours
  1080 | D:1      | Reached XP level 3. HP: 19/19 MP: 4/9
  2108 | D:2      | Reached XP level 4. HP: 24/24 MP: 6/11
  2350 | D:2      | Found a shimmering blue altar of Sif Muna.
  2353 | D:2      | Became a worshipper of Sif Muna the Loreminder
  3034 | D:3      | Reached skill level 1 in Air Magic
  3281 | D:3      | Reached skill level 4 in Spellcasting
  3550 | D:3      | Reached XP level 5. HP: 28/28 MP: 7/13
  3627 | D:3      | Reached * piety under Sif Muna
  3962 | D:4      | Found a glowing drain.
  4592 | D:4      | Reached skill level 5 in Poison Magic
  4716 | D:4      | Reached XP level 6. HP: 28/32 MP: 5/14
  4889 | D:4      | Reached skill level 1 in Short Blades
  5396 | D:4      | Learned a level 2 spell: Ensorcelled Hibernation
  5565 | D:4      | Noticed Blork the orc
  5574 | D:4      | Killed Blork the orc
  5575 | D:4      | Reached skill level 5 in Spellcasting
  5698 | D:4      | Reached XP level 7. HP: 36/36 MP: 10/17
  5934 | D:4      | Found Bifes's Assorted Antiques.
  5939 | D:4      | Bought a scroll of identify for 42 gold pieces
  5939 | D:4      | Bought a scroll of teleportation for 63 gold pieces
  6120 | D:4      | Reached skill level 5 in Dodging
  6385 | D:5      | Entered Level 5 of the Dungeon
  6385 | D:5      | Noticed Grinder
  6468 | D:5      | Paralysed by Grinder for 6 turns
  6484 | D:5      | Paralysed by Grinder for 3 turns
  6490 | D:5      | Killed Grinder
  6491 | D:5      | Reached skill level 6 in Spellcasting
  6627 | D:5      | Found a staircase to the Ecumenical Temple.
  6645 | D:5      | Found Danowa's Antique Armour Shoppe.
  7508 | D:5      | Reached XP level 8. HP: 42/42 MP: 11/19
  7518 | D:5      | Learned a level 4 spell: Olgreb's Toxic Radiance
  7522 | D:5      | Learned a level 3 spell: Mephitic Cloud
  7877 | D:6      | Reached skill level 1 in Fighting
  7881 | D:6      | Learned a level 3 spell: Ignite Poison
  8793 | D:6      | Reached skill level 1 in Long Blades
  8793 | D:6      | Reached skill level 7 in Spellcasting
  9322 | D:7      | Reached ** piety under Sif Muna
  9352 | D:7      | Noticed Joseph
  9598 | D:7      | Reached skill level 1 in Fire Magic
 10005 | D:7      | Killed Joseph
 10006 | D:7      | Reached XP level 9. HP: 20/47 MP: 1/22
 10708 | D:7      | Reached skill level 8 in Spellcasting
 10764 | D:7      | Reached skill level 1 in Bows
 10794 | D:7      | Identified the +6 dagger of Judgement {distort, Str+4
                  | Int+3}
 10856 | D:7      | Learned a level 3 spell: Tukima's Dance
 10858 | D:7      | Reached skill level 1 in Hexes
 11043 | D:7      | Noticed a boulder beetle
 12084 | D:8      | Learned a level 2 spell: Swiftness
 12086 | D:8      | Learned a level 1 spell: Shock
 12114 | D:8      | Reached skill level 1 in Polearms
 12819 | D:9      | Noticed a two-headed ogre
 13200 | D:9      | Found a shadowy altar of Dithmenos.
 13201 | D:9      | Found a burning altar of Makhleb.
 13281 | D:9      | Reached *** piety under Sif Muna
 13445 | D:9      | Reached skill level 9 in Spellcasting
 13445 | D:9      | Reached XP level 10. HP: 37/52 MP: 14/25
 13447 | D:9      | Killed a two-headed ogre
 13448 | D:9      | Reached skill level 1 in Conjurations
 13575 | D:9      | Noticed a yaktaur captain
 13980 | D:9      | Found a blossoming altar of Fedhas.
 14090 | D:9      | Learned a level 3 spell: Static Discharge
 14204 | D:9      | Mangled by a yaktaur captain

Illustrated notes

Levels and vault maps discovered:
D:1:      matt_arrival_grand_opening, layout_basic, serial_corexii_hall,
          chequers_hall_statues_y, corexii_hall_statues_t,
          chequers_hall_statues_y, amcnicky_mini_pool_small,
          lemuel_another_geyser
D:2:      layout_basic, lemuel_blue_sif_altar
D:3:      minmay_spotlight, layout_rooms, chequers_serial_rivers_marsh,
          dk_noncrumbling_3
D:4:      layout_basic, serial_shops, shop, gup_sewer_entry_glass,
          uniq_blork_the_orc
D:5:      layout_rooms, minmay_temple_entry_stoned_glass, serial_bayou,
          serial_bayou_shore_a, serial_bayou_ford_a, serial_bayou_shore_b,
          serial_bayou_pond_a, serial_shops, shop_fountains, uniq_grinder
D:6:      layout_basic, grunt_ministairs_6
D:7:      minmay_the_grid_octo_triangle [minmay_the_grid_octo_fan_narrow,
          minmay_the_grid_octo_prize_square_snowflake,
          minmay_the_grid_octo_checkered], layout_basic, uniq_joseph,
          uniq_crazy_yiuf_cottage
D:8:      layout_gridville
D:9:      layout_loops_ring, basic_altar, st_stairs_10, minmay_door_square,
          jmf_multi_god_temple

Skill      XL: |  1  2  3  4  5  6  7  8  9 10 |
---------------+-------------------------------+-----
Dodging        | 3 4 5 6 7 8 |  8.2
Poison Magic   | 4 5 6 7 8 |  8.6
Air Magic      | 1 2 3 4 |  4.9
Spellcasting   | 4 5 6 7 9 |  9.4
Short Blades   | 1 |  1.8
Transmutations | 2 3 4 |  4.2
Stealth        | 3 4 |  4.3
Fighting       | 1 |  1.8
Long Blades    | 1 |  1.6
Fire Magic     | 1 2 |  2.0
Bows           | 3 |  3.7
Hexes          | 1 |  1.3
Polearms       | 1 |  1.9
Conjurations   | 1 |  1.1
Axes           | |  0.3
Maces & Flails | |  0.9
Staves         | |  0.7
Throwing       | |  0.1

Action                   |  1- 3 |  4- 6 |  7- 9 | 10-12 || total
-------------------------+-------+-------+-------+-------++-------
Melee: Whip              |    26 |       |       |       ||    26
       Unarmed           |     2 |       |       |       ||     2
       Short sword       |       |    61 |    20 |       ||    81
       Long sword        |       |       |    78 |     3 ||    81
       Morningstar       |       |       |    16 |       ||    16
       Battleaxe         |       |       |    10 |       ||    10
       Quarterstaff      |       |       |    26 |       ||    26
       Scythe            |       |       |    17 |    23 ||    40
       Staff             |       |       |    10 |       ||    10
 Fire: Shortbow          |       |       |    26 |       ||    26
Throw: Stone             |       |       |     8 |       ||     8
 Cast: Sting             |    27 |    23 |    29 |     4 ||    83
       Poisonous Vapours |    23 |    55 |    86 |     6 ||   170
       Ensorcelled Hiber |       |     2 |     1 |       ||     3
       Ignite Poison     |       |       |    31 |     9 ||    40
       Mephitic Cloud    |       |       |    22 |     3 ||    25
       Shock             |       |       |    18 |     6 ||    24
       Tukima's Dance    |       |       |     1 |       ||     1
Evoke: Wand              |       |       |       |     2 ||     2
  Use: Potion            |     2 |       |     5 |       ||     7
       Scroll            |     6 |     5 |    13 |     1 ||    25
 Stab: Sleeping          |       |     2 |     1 |     1 ||     4
       Confused          |       |       |     3 |       ||     3
Armor: Skin              |    21 |       |    22 |       ||    43
       Robe              |    15 |    16 |    57 |     4 ||    92
Dodge: Dodged            |    36 |    62 |   172 |    19 ||   289
Block: Buckler           |     3 |       |       |       ||     3
       Rpst.: Long sword |       |       |    26 |       ||    26
